 Dungeon Crawl Stone Soup version 0.28-a0-1594-ga885d4b3d6 (webtiles) character file.

Game seed: 14543201232544301944

697 kae the Insei (level 7, -13/56 HPs)
             Began as a Green Draconian Transmuter on Jan 20, 2022.
             Mangled by a two-headed ogre (19 damage)
             ... on level 5 of the Dungeon.
             The game lasted 00:05:03 (5412 turns).

kae the Insei (Green Draconian Transmuter)          Turns: 5412, Time: 00:05:04

Health: -13/56     AC:  2    Str: 12    XL:     7   Next: 37%
Magic:  6/11       EV: 20    Int: 15    God:
Gold:   170        SH:  0    Dex: 17    Spells: 4/12 levels left

rFire   . . .      SeeInvis .     - Unarmed
rCold   . . .      Faith    .   (shield currently unavailable)
rNeg    . . .      Spirit   .   (armour unavailable)
rPois   x          Reflect  .   (helmet currently unavailable)
rElec   .          Harm     .   (cloak currently unavailable)
rCorr   .          Rampage  .   (gloves currently unavailable)
Will    .....                   (boots currently unavailable)
Stlth   ++........              (no amulet)
HPRegen 0.18/turn               f - +4 ring of slaying
MPRegen 0.12/turn               (no ring)

@: spider-form, invisible
A: venomous fangs, (breathe noxious fumes), AC +6, tiny, unfitting armour,
(poison resistance), (cold-blooded)
a: End Transformation


You were on level 5 of the Dungeon.
You were a venomous arachnid creature.
You visited 1 branch of the dungeon, and saw 5 of its levels.

You collected 170 gold pieces.

Inventory:

Jewellery
 f - a +4 ring of slaying (left front leg)
Wands
 h - a wand of paralysis (11)
Scrolls
 b - a scroll of blinking
Potions
 c - a potion of resistance {unknown}
 d - a potion of flight {unknown}
 e - a potion of degeneration {unknown}
 g - a potion of haste {unknown}


   Skills:
 + Level 2.9 Fighting
 + Level 2.9 Dodging
 * Level 4.9 Unarmed Combat
 + Level 3.1 Spellcasting
 * Level 4.2 Transmutations
 * Level 2.6 Ice Magic
 - Level 2.4 Poison Magic


You had 4 spell levels left.
You knew the following spells:

 Your Spells              Type           Power      Damage    Failure   Level
a - Beastly Appendage     Tmut           30%        N/A       12%         1
b - Spider Form           Tmut/Pois      12%        N/A       34%         3
c - Ice Form              Ice/Tmut       12%        N/A       65%         4

Your spell library contained the following spells:

 Spells                   Type           Power      Damage    Failure   Level
 Wereblood                Tmut           15%        N/A       16%         2
 Ignite Poison            Fire/Tmut/Pois 9%         N/A       45%         3
 Mephitic Cloud           Conj/Pois/Air  4%         N/A       61%         3
 Fulminant Prism          Conj/Hex       1%         3d6       97%         4
 Iskenderun's Mystic Bla  Conj/Tloc      2%         2d3       97%         4
 Freezing Cloud           Conj/Ice/Air   2%         6-21      99%         5
 Lee's Rapid Deconstruct  Erth           1%         3d5*      100%        5


Dungeon Overview and Level Annotations

Branches:
Dungeon (5/15)
 Temple: D:4-7

Altars:
Dithmenos
Gozag
Okawaru
Uskayaw
Zin

Shops:
D:4 :

Annotations:
D:3 2 runed translucent doors, orehx's ghost, amateur OpEE


Innate Abilities, Weirdness & Mutations

You are a venomous arachnid creature.
You have poisonous fangs.
You are tiny and dextrous.
Your spellcasting is less reliable in this form.
Your armour is entirely melded.
You are incapable of wielding weapons or throwing items.
((You can breathe blasts of noxious fumes.))
((Your lurid green scales are hard. (AC +6)))
You cannot fit into any form of body armour.
((Your system is resistant to poisons. (rPois)))
((You are cold-blooded and may be slowed by cold attacks.))


Message History

A gnoll is nearby!
Casting: Spider Form (dangerous; 16% risk of failure)
Confirm with . or Enter, or press ? or * to list all spells.
You miscast Spider Form.
You are very lightly contaminated with residual magic.
Nothing appears to happen.
An orc opens the door.
The gnoll throws a throwing net.
The throwing net hits you.
You become entangled in the net!
You see here a throwing net.
You struggle against the net.
You struggle against the net.
You struggle against the net.
The gnoll barely misses you.
You rip the net and break free!
The gnoll hits you with a +0 club. The gnoll hits you with a +0 club.
Your magical contamination has completely faded away.
There is an open door here.
Casting: Spider Form (dangerous; 16% risk of failure)
Confirm with . or Enter, or press ? or * to list all spells.
You turn into a venomous arachnid creature.
The two-headed ogre misses you. x2
The two-headed ogre closely misses you. The two-headed ogre barely misses you.
You bite the two-headed ogre!
The two-headed ogre is lightly wounded.
You hit the two-headed ogre.
The two-headed ogre is poisoned.
The two-headed ogre is lightly wounded.
The two-headed ogre hits you with a +0 giant club!!
The two-headed ogre completely misses you.
You bite the two-headed ogre!
The two-headed ogre looks as sick as possible!
The two-headed ogre is moderately wounded.
The two-headed ogre hits you with a +0 giant club!!
* * * LOW HITPOINT WARNING * * *
The two-headed ogre hits you with a +0 giant spiked club!
* * * LOW HITPOINT WARNING * * *
You hit the two-headed ogre.
The two-headed ogre looks as sick as possible!
The two-headed ogre is heavily wounded.
You fade into invisibility!
The two-headed ogre hits you with a +0 giant club!!
You die...

#.....###.....###..#
##.....###.....##..#
###.....###.....#..#
.###.....###....#..#
..###.....###...+..#
...####+######..#..#
....#.(.).#.###.#..#
....#..?..#..####..#
#...'.$..gOs..###..#
##..#..).o#....##..#
###.#.....#.....#..#
.######'####....#..#
..###.....###...'.##
...###.....###..#.#
....###.....###.#.#
....###.....####.#
###.....###.#


You could see a two-headed ogre (extremely poisoned), a gnoll and an orc.

Vanquished Creatures
  Eustachio (D:4)
  A black bear (D:4)
  A necrophage (D:5)
  A phantom (D:4)
  A centaur zombie (D:5)
  2 hounds (D:4)
  A centaur skeleton (D:4)
  A hound zombie (D:5)
  3 gnolls
  5 adders
  A river rat (D:4)
  An adder skeleton (D:4)
  A worm (D:4)
  5 orcs (D:4)
  8 ball pythons
  7 endoplasms
  A giant cockroach (D:3)
  4 goblins
  4 hobgoblins
  4 jackals (D:1)
  3 quokkas
  5 bats
  3 frilled lizards
  9 kobolds
  8 rats
81 creatures vanquished.

Notes
Turn   | Place    | Note
-------+----------+-------------------------------------------
     0 | D:1      | kae the Draconian Transmuter began the quest for the Orb.
     0 | D:1      | Reached XP level 1. HP: 16/16 MP: 3/3
   259 | D:1      | Reached XP level 2. HP: 23/23 MP: 3/5
  1114 | D:1      | Reached XP level 3. HP: 27/28 MP: 4/6
  1252 | D:2      | Learned a level 3 spell: Spider Form
  1548 | D:2      | Reached XP level 4. HP: 22/35 MP: 3/7
  1834 | D:2      | Found a faded altar of an unknown god.
  2590 | D:3      | Found a runed translucent door.
  2590 | D:3      | Noticed a bullfrog
  2591 | D:3      | Noticed orehx's ghost (amateur OpEE)
  2755 | D:3      | Found a runed translucent door.
  2838 | D:3      | Found a glowing silver altar of Zin.
  2906 | D:3      | Found an iron altar of Okawaru.
  3090 | D:3      | Reached skill level 1 in Poison Magic
  3464 | D:4      | Found a shadowy altar of Dithmenos.
  3474 | D:4      | Reached XP level 5. HP: 40/41 MP: 6/8
  3515 | D:4      | Noticed a phantom
  3522 | D:3      | Found a hide-covered altar of Uskayaw.
  3536 | D:3      | Learned a level 4 spell: Ice Form
  4136 | D:4      | Killed a phantom
  4186 | D:4      | Found an opulent altar of Gozag.
  4215 | D:4      | Noticed a black bear
  4225 | D:4      | Killed a black bear
  4226 | D:4      | Reached skill level 1 in Ice Magic
  4226 | D:4      | Reached XP level 6. HP: 41/48 MP: 6/10
  4263 | D:4      | Found Eriv's Book Emporium.
  4430 | D:4      | Noticed Eustachio
  4489 | D:4      | Killed Eustachio
  4919 | D:4      | Your scales start taking on a lurid green colour.
  4919 | D:4      | Reached XP level 7. HP: 55/56 MP: 7/11
  4919 | D:4      | Gained mutation: Your system is resistant to poisons.
                  | (rPois) [Green Draconian growth]
  5287 | D:5      | Entered Level 5 of the Dungeon
  5395 | D:5      | Noticed a two-headed ogre
  5412 | D:5      | Mangled by a two-headed ogre

Illustrated notes

Levels and vault maps discovered:
D:1:      psy_arrival_dodecagon, layout_rooms, serial_aquarium,
          aquarium_bridge_square [aquarium_subvault_bridge,
          aquarium_subvault_bridge, aquarium_subvault_wall,
          aquarium_subvault_wall], aquarium_bridge_straight
          [aquarium_subvault_bridge, aquarium_subvault_wall,
          aquarium_subvault_bridge, aquarium_subvault_wall],
          aquarium_window_fake, aquarium_window_corner, aquarium_view_2b,
          aquarium_view_2a, aquarium_pool_2
D:2:      layout_basic, chequers_ecumenical_altar_island
D:3:      layout_rooms, mainiacjoe_overflow_small_starburst, old_standard_altar,
          nicolae_overflow_hidden_temple, ebering_ghost_sewer_f
D:4:      layout_basic, general_overflow_altar, mainiacjoe_overflow_paths,
          lightli_sewer_entry_pipes, kennysheep_windowed_goal, uniq_eustachio
D:5:      layout_cave_pods, kennysheep_orc_sif_temple, minmay_quadrilaterals

Skill      XL: |  1  2  3  4  5  6  7 |
---------------+----------------------+-----
Dodging        | 2 |  2.9
Transmutations | 3 4 |  4.2
Poison Magic   | 1 2 |  2.4
Fighting       | 2 |  2.9
Unarmed Combat | 4 |  4.9
Ice Magic      | 1 2 |  2.6
Spellcasting   | 3 |  3.1

Action                   |  1- 3 |  4- 6 |  7- 9 || total
-------------------------+-------+-------+-------++-------
Melee: Unarmed           |    84 |   132 |    34 ||   250
       Kick              |    14 |    11 |       ||    25
       Tailslap          |     4 |     8 |     1 ||    13
       Headbutt          |     7 |     3 |       ||    10
       Punch             |       |     3 |       ||     3
 Cast: Beastly Appendage |    17 |    18 |       ||    35
       Spider Form       |     2 |    10 |     4 ||    16
       Ice Form          |       |     1 |       ||     1
  Use: Scroll            |     4 |     6 |       ||    10
       Potion            |       |     1 |     1 ||     2
Armor: Skin              |    22 |    35 |     4 ||    61
Dodge: Dodged            |    60 |    94 |    27 ||   181

Table legend: (Time is in decaauts)
 A = Elapsed time spent in this place.
 B = Non-inter-level travel time spent in this place.
 C = Inter-level travel time spent in this place.
 D = Time resting spent in this place.
 E = Time spent auto-exploring this place.
 F = Levels seen in this place.
 G = Mean time per level.
                   A        B        C        D        E       F      G
               +--------+--------+--------+--------+--------+-----+--------+
         Total |   5443 |   5338 |    105 |    830 |   3687 |   5 | 1088.6 |
       Dungeon |   5443 |   5338 |    105 |    830 |   3687 |   5 | 1088.6 |
               +--------+--------+--------+--------+--------+-----+--------+

Top non-repeatable levels by time:
     D:3: 1501 daAuts
     D:2: 1361 daAuts
     D:4: 1246 daAuts
     D:1: 1212 daAuts
     D:5: 123 daAuts
